Map: Oxide LE

Players

JonSnow - Winner!

  • Race: Zerg Zerg
  • League: Master

Scarlett

  • Race: Zerg Zerg

Event: DreamHack SC2 Masters 2021 Summer

VOD

Have the link to the VOD?

Description

Time

  • Played on: May 27, 2021, 6:32 p.m.
  • Length: 8:18

All games in this series

Show
View Real Time Build Order
Export as new Build Order

JonSnow Zerg - Winner!

Build Orders: Hatch First 

Get SALT Encoding   

  12  0:01  Drone  
  13  0:12  Overlord  
  13  0:18  Drone  
  14  0:31  Drone x2  
  16  0:48  Hatchery  
  15  0:51  Drone  
  15  0:56  Drone  
  17  0:58  Drone  
  18  1:05  Extractor  
  17  1:14  Spawning Pool  
  17  1:17  Drone  
  17  1:20  Drone  
  18  1:29  Drone  
  19  1:39  Drone  
  20  1:49  Overlord  
  20  2:01  Queen x2  
  20  2:02  Drone x2  
  20  2:06  Metabolic Boost  
  26  2:10  Drone  
  26  2:13  Drone  
  28  2:24  Zergling x2  
  29  2:32  Hatchery  
  29  2:34  Zergling x2  
  29  2:36  Drone  
  30  2:44  Drone x3  
  33  2:52  Baneling Nest  
  32  2:58  Drone  
  32  2:59  Drone  
  32  3:02  Queen  
  36  3:08  Overlord  
  36  3:13  Overlord  
  36  3:27  Zergling x2  
  36  3:28  Zergling x10  
  36  3:33  Zergling x4  
  44  3:36  Baneling x3  
  44  3:46  Zergling x2  
  44  3:47  Zergling x10  
  48  3:52  Baneling  
  47  3:56  Drone  
  47  3:57  Drone  
  47  3:59  Drone  
  47  4:00  Queen  
  52  4:13  Drone x2  
  52  4:14  Drone x4  
  55  4:18  Zergling x2  
  48  4:31  Drone  
  48  4:32  Drone x3  
  48  4:34  Extractor  
  48  4:35  Extractor  
  48  4:37  Baneling x2, Roach Warren  
  48  4:38  Drone x4, Evolution Chamber  
  51  4:40  Lair  
  51  4:45  Zergling x4  
  53  4:46  Baneling  
  53  4:48  Zergling x4  
  53  4:52  Zergling x2  
  56  4:58  Overlord  
  56  5:01  Queen  
  56  5:07  Baneling, Overlord  
  57  5:14  Overlord  
  56  5:17  Drone x8  
  61  5:23  Drone x2  
  63  5:31  Drone  
  63  5:32  Drone  
  63  5:33  Drone  
  65  5:37  Zerg Missile Weapons Level 1  
  65  5:38  Drone  
  66  5:46  Overlord  
  66  5:48  Glial Reconstitution  
  66  5:50  Drone x2  
  66  5:53  Extractor, Overlord  
  66  5:55  Extractor  
  66  6:04  Drone x11  
  68  6:07  Overlord  
  68  6:10  Baneling  
  75  6:19  Overlord  
  75  6:21  Roach x2  
  75  6:22  Roach x3  
  75  6:25  Extractor  
  84  6:28  Roach x3  
  89  6:38  Roach x6  
  101  6:47  Roach x3  
  101  6:51  Overlord  
  101  6:52  Overlord  
  107  6:55  Overlord x2  
  107  7:01  Roach x3  
  113  7:02  Overlord  
  113  7:04  Hatchery  
  112  7:10  Overlord  
  112  7:11  Roach x4  
  112  7:12  Ravager  
  112  7:14  Roach x2  
  125  7:22  Roach x3  
  131  7:29  Roach  
  143  7:30  Roach x5  
  143  7:31  Ravager x2  
  142  7:38  Roach x4  
  142  7:40  Roach  
  152  7:46  Roach x2  
  149  7:51  Roach  
  149  7:52  Roach x2  
  149  7:59  Roach  
  159  8:14  Extractor  
  156  8:15  Hydralisk Den  
Show
View Real Time Build Order
Export as new Build Order

Scarlett Zerg 

Build Orders: Hatch First, Zergling Baneling 

Get SALT Encoding   

  12  0:00  Drone  
  13  0:12  Overlord  
  13  0:16  Drone  
  14  0:30  Drone x2  
  16  0:46  Hatchery  
  15  0:51  Drone  
  15  0:54  Drone  
  17  0:57  Drone  
  18  1:08  Extractor  
  17  1:12  Spawning Pool  
  17  1:15  Drone  
  17  1:18  Drone  
  18  1:27  Drone  
  19  1:40  Drone  
  20  1:50  Drone  
  21  1:58  Queen  
  21  1:59  Queen, Zergling x2  
  21  2:00  Overlord  
  26  2:08  Metabolic Boost  
  26  2:09  Drone  
  26  2:11  Drone  
  28  2:20  Drone  
  28  2:21  Drone  
  30  2:32  Hatchery  
  29  2:39  Queen  
  29  2:43  Drone  
  32  2:47  Overlord  
  32  2:49  Drone  
  33  2:58  Drone  
  34  3:00  Zergling x4  
  36  3:06  Zergling x2  
  36  3:07  Drone x3, Zergling x2  
  36  3:11  Drone  
  42  3:16  Baneling Nest  
  42  3:18  Overlord  
  41  3:28  Zergling x2  
  41  3:30  Drone  
  41  3:31  Drone  
  44  3:35  Overlord  
  44  3:40  Drone x4  
  48  3:47  Drone x2  
  49  3:52  Zergling x2  
  49  3:53  Zergling x2  
  49  3:55  Zergling x6  
  54  4:00  Baneling x4  
  54  4:03  Extractor  
  54  4:05  Evolution Chamber  
  52  4:13  Zergling x8  
  51  4:19  Zergling x10  
  51  4:21  Queen  
  51  4:24  Baneling x2  
  53  4:26  Drone x4  
  54  4:33  Drone x2  
  54  4:36  Extractor, Zerg Missile Weapons Level 1  
  55  4:43  Roach Warren  
  54  4:48  Baneling x2  
  54  4:50  Drone x5  
  57  5:07  Drone x6  
  57  5:09  Lair  
  63  5:20  Drone x4  
  66  5:21  Overlord  
  66  5:22  Overlord  
  66  5:27  Extractor  
  65  5:28  Overlord  
  65  5:29  Extractor  
  63  5:35  Overlord  
  63  5:36  Drone x2  
  63  5:37  Pneumatized Carapace  
  63  5:40  Drone x6  
  71  5:45  Extractor  
  71  5:48  Drone  
  71  5:51  Overlord  
  71  5:55  Drone  
  71  5:56  Drone x6  
  78  6:03  Roach x2  
  81  6:08  Glial Reconstitution  
  81  6:09  Overseer  
  81  6:13  Drone, Overlord  
  81  6:19  Roach x6  
  88  6:35  Drone x5  
  89  6:44  Drone x2  
  89  6:46  Evolution Chamber  
  89  6:47  Overseer  
  89  6:50  Hatchery  
  89  6:52  Roach x5  
  98  7:01  Roach  
  98  7:02  Roach x4  
  108  7:10  Overlord  
  108  7:11  Overlord  
  108  7:23  Overlord x2  
  108  7:24  Roach x7  
  108  7:25  Overlord x2  
  112  7:36  Roach  
  112  7:37  Roach x7  
  124  7:39  Ravager x2  
  124  7:40  Ravager x2  
  122  7:47  Roach x3  
  122  7:50  Roach x2  
  120  7:56  Roach x3  
Tags
 
Add a new tag
Caveats
  • Supply blocks, unpowered buildings, or Contaminate may cause inaccurate times.
  • Supply counts are checked every 10 seconds.